 Dungeon Crawl Stone Soup version 0.31-a0-1570-g93c622d222 (webtiles) character file.

Game seed: 18347341252464713068

42 AquilaWing the Sneak (level 3, -3/16 HPs)
             Began as a Spriggan Enchanter on Jan 3, 2024.
             Slain by a ribbon worm (8 damage)
             ... on level 2 of the Dungeon.
             The game lasted 00:04:31 (1015 turns).

AquilaWing the Sneak (Spriggan Enchanter)           Turns: 1015, Time: 00:04:32

Health: -3/16      AC:  2    Str:  4    XL:     3   Next: 35%
Magic:  8/8        EV: 17    Int: 16    God:
Gold:   67         SH:  0    Dex: 17    Spells: 5/7 levels left

rFire   . . .        a - +1 dagger
rCold   . . .        (no shield)
rNeg    . . .        b - +0 robe
rPois   .            (helmet restricted)
rElec   .            (no cloak)
rCorr   .            (gloves unavailable)
SInv    +            (boots unavailable)
Will    .....        (no amulet)
Stlth   +++          (no ring)
HPRegen 0.22/turn    (no ring)
MPRegen 0.11/turn

%: no passive effects
@: very quick
A: very small, no large weapons, unfitting armour, see invisible, speed 3
a: no special abilities


You were on level 2 of the Dungeon.
You visited 1 branch of the dungeon, and saw 2 of its levels.

You collected 67 gold pieces.

Inventory:

Hand Weapons
 a - a +1 dagger (weapon)
Armour
 b - a +0 robe (worn)
Jewellery
 g - a ring of flight
Scrolls
 e - 3 scrolls of teleportation {unknown}
 f - a scroll of revelation {unknown}
 i - 2 scrolls of identify {unknown}
 k - a scroll of immolation {unknown}
Potions
 c - 2 potions of invisibility
 d - 2 potions of berserk rage {unknown}
 h - a potion of curing {unknown}
 j - a potion of mutation {unknown}


   Skills:
 + Level 2.5 Short Blades
 - Level 2.7 Dodging
 + Level 5.6 Stealth
 - Level 2.7 Spellcasting
 - Level 3.8 Hexes


You had 5 spell levels left.
You knew the following spells:

 Your Spells              Type           Power      Damage    Failure   Level
a - Ensorcelled Hibernat  Hex/Ice        16%        N/A       13%         2

Your spell library contained the following spells:

 Spells                   Type           Power      Damage    Failure   Level
 Confusing Touch          Hex            14%        N/A       12%         3
 Tukima's Dance           Hex            14%        N/A       12%         3
 Dazzling Flash           Conj/Hex       16%        N/A       26%         3


Dungeon Overview and Level Annotations

Branches:
Dungeon (2/15)

Altars:


Innate Abilities, Weirdness & Mutations

You are very small and have problems with some larger weapons.
You are too small for most types of armour.
You have supernaturally acute eyesight. (SInv)
You cover ground extremely quickly. (Speed+++)


Message History

You hit the ribbon worm but do no damage.
The ribbon worm expels a string of sticky webbing.
The stream of webbing misses you.
You hit the ribbon worm.
The ribbon worm is lightly wounded.
The ribbon worm expels a string of sticky webbing.
The stream of webbing hits you but does no damage.
You are caught in a web!
You are caught in a web!
The web tears apart.
You hit the ribbon worm.
The ribbon worm is moderately wounded.
The ribbon worm bites you!
You hit the ribbon worm.
The ribbon worm is heavily wounded.
The ribbon worm closely misses you.
You hit the ribbon worm.
The ribbon worm is heavily wounded.
The ribbon worm barely misses you.
You hit the ribbon worm.
The ribbon worm is severely wounded.
You hit the ribbon worm but do no damage.
The ribbon worm is severely wounded.
The ribbon worm expels a string of sticky webbing.
The stream of webbing hits you but does no damage.
You are caught in a web!
The web tears apart.
The ribbon worm completely misses you.
You hit the ribbon worm.
The ribbon worm is heavily wounded.
The ribbon worm completely misses you.
You hit the ribbon worm.
The ribbon worm is heavily wounded.
You hit the ribbon worm.
The ribbon worm is severely wounded.
The ribbon worm bites you.
You hit the ribbon worm.
The ribbon worm is severely wounded.
The ribbon worm bites you!
Ouch! That really hurt!
You die...

#.# #.....######. #.#
#.###.# #...# #)# #.#
#.# .... #.###.###.#
#... #.........# #..#
#####.##### #..# #.#
#..###### #####.###
#w....... #.......#
##@..## #.#####.#
##.....## ##.##
##.......#
####...####.........#
..>.........'.........+
#.##.#...####.........#
#.##.## ##.......## .
...# ##.....## # .####
##...##


You could see a ribbon worm.

Vanquished Creatures
  An adder (D:2)
  A dart slug (D:1)
  A ribbon worm (D:2)
  3 ball pythons (D:1)
  2 endoplasms (D:1)
  A giant cockroach (D:1)
  2 goblins (D:1)
  A hobgoblin (D:2)
  4 jackals (D:1)
  3 quokkas (D:1)
  A bat (D:1)
  A frilled lizard (D:1)
  3 kobolds (D:1)
  2 rats (D:1)
26 creatures vanquished.

Notes
Turn   | Place    | Note
-------+----------+-------------------------------------------
     0 | D:1      | AquilaWing the Spriggan Enchanter began the quest for the
                  | Orb.
     0 | D:1      | Reached XP level 1. HP: 9/9 MP: 5/5
   192 | D:1      | Reached XP level 2. HP: 12/13 MP: 6/6
   207 | D:1      | Learned a level 2 spell: Ensorcelled Hibernation
   261 | D:1      | Reached skill level 5 in Stealth
   768 | D:1      | Reached XP level 3. HP: 16/16 MP: 8/8
  1015 | D:2      | Slain by a ribbon worm

Illustrated notes

Levels and vault maps discovered:
D:1:      minmay_arrival_diagonal_passages, layout_loops_corners
D:2:      layout_loops_corners, chequers_avenue

Skill      XL: |  1  2 |
---------------+-------+-----
Stealth        | 5 |  5.6
Short Blades   | 2 |  2.5
Dodging        | |  2.7
Spellcasting   | |  2.7
Hexes          | |  3.8

Action                     || total
---------------------------++-------
  Melee: Dagger            ||    91
         Punch             ||     1
   Cast: Ensorcelled Hiber ||     5
   Stab: Sleeping          ||    14
 Armour: Robe              ||    21
  Dodge: Dodged            ||    69

Table legend: (Time is in decaauts)
 A = Elapsed time spent in this place.
 B = Non-inter-level travel time spent in this place.
 C = Inter-level travel time spent in this place.
 D = Time resting spent in this place.
 E = Time spent auto-exploring this place.
 F = Levels seen in this place.
 G = Mean time per level.
                   A        B        C        D        E       F      G
               +--------+--------+--------+--------+--------+-----+--------+
         Total |    697 |    675 |     22 |      0 |    507 |   2 |  348.5 |
       Dungeon |    697 |    675 |     22 |      0 |    507 |   2 |  348.5 |
               +--------+--------+--------+--------+--------+-----+--------+

Top non-repeatable levels by time:
     D:1: 588 daAuts
     D:2: 109 daAuts
